cohdb
Replays
Latest Replays
All Replays
Popular Replays
Top Player Replays
Match Explorer
How It Works
Community
CoH3 Stats
Reddit
Sign in to upload your games and track your stats! →
Sign in with Steam
Match 28638039
Unlisted
Match 28638039
Overview
Messages
Build Orders
End
Construct Section Command Post
Vickers Machine Gun Team
Selects Air and Sea Battlegroup
Infantry Section
Infantry Section
ML 3-inch Mortar Team
Construct Platoon Command Post
Selects Commando Section Paradrop
Humber Armored Car
CMP 15cwt Truck
Selects Commando LMG Section Paradrop
Commando LMG Section Paradrop
Commando LMG Section Paradrop
mrce
CAuMOH
Yeknod
iceday
0
0
Comments
sign in to comment!
No comments posted yet!